 Dungeon Crawl Stone Soup version 0.21-a0-509-gecc5317 (webtiles) character file.

106 Gerstahl the Slasher (level 4, -14/40 HPs)
             Began as a Naga Gladiator on Nov 30, 2017.
             Was an Initiate of Okawaru.
             Killed from afar by Ijyb (19 damage)
             ... with a wand of acid (6)
             ... on level 3 of the Dungeon.
             The game lasted 00:05:53 (2585 turns).

Gerstahl the Slasher (Naga Gladiator)               Turns: 2585, Time: 00:05:54

Health: -14/40     AC:  4    Str: 17    XL:     4   Next: 84%
Magic:  4/4        EV: 10    Int:  8    God:    Okawaru [......]
Gold:   116        SH:  4    Dex: 13    Spells: 3/3 levels left

rFire    . . .     SeeInvis +   a - +0 long sword
rCold    . . .     Gourm    .   q - +0 buckler
rNeg     . . .     Faith    .   b - +0 leather armour
rPois    +         Spirit   .   c - +0 helmet
rElec    .         Reflect  .   (no cloak)
rCorr    .         Harm     .   k - +0 pair of gloves
MR       .....                  (no barding)
Stlth    +.........             (no amulet)
HPRegen  0.13/turn              (no ring)
MPRegen  0.09/turn              (no ring)

@: very slow
A: large, see invisible, deformed body, poison resistance, slowness 2, slow
metabolism 1, spit poison 1, AC +1
a: Spit Poison, Renounce Religion


You were on level 3 of the Dungeon.
You worshipped Okawaru.
Okawaru was noncommittal.
You were not hungry.

You visited 1 branch of the dungeon, and saw 3 of its levels.

You collected 116 gold pieces.

Inventory:

Hand Weapons
 a - a +0 long sword (weapon)
Missiles
 d - 3 throwing nets (quivered)
Armour
 b - a +0 leather armour (worn)
 c - a +0 helmet (worn)
 k - a +0 pair of gloves (worn)
 q - a +0 buckler (worn)
Jewellery
 l - an uncursed ring of fire {unknown}
 u - an uncursed ring of positive energy {unknown}
Wands
 A - a wand of random effects (23)
Scrolls
 e - a scroll of remove curse {unknown}
 i - a scroll of fear {unknown}
 m - 2 scrolls of enchant armour {unknown}
 p - a scroll of magic mapping {unknown}
 r - 3 scrolls of teleportation {unknown}
 w - 2 scrolls of amnesia {unknown}
 y - a scroll of enchant weapon {unknown}
Potions
 j - a potion of might {unknown}
 n - a potion of lignification {unknown}
 o - a potion of agility {unknown}
 s - a potion of degeneration {unknown}
 t - a potion of heal wounds {unknown}
 v - a potion of cancellation {unknown}
 z - a potion of berserk rage {unknown}
 B - a potion of curing {unknown}
Comestibles
 f - 2 bread rations
 g - a meat ration
 h - 4 fruits


   Skills:
 - Level 2.6 Fighting
 - Level 3.9 Long Blades
 - Level 2.0 Throwing
 - Level 0.1 Armour
 - Level 2.8 Dodging
 * Level 1.5 Shields


You had 3 spell levels left.
You didn't know any spells.

Dungeon Overview and Level Annotations

Branches:
Dungeon (3/15)

Altars:
Ashenzari
Okawaru
Trog

Annotations:
D:3 Ijyb


Innate Abilities, Weirdness & Mutations

You cannot wear boots.
Your serpentine skin is tough. (AC +1)
You have supernaturally acute eyesight. (SInv)
Armour fits poorly on your strangely shaped body.
Your system is resistant to poisons. (rPois)
You cover ground very slowly.
You have a slow metabolism.
You can spit poison.


Message History

You closely miss the adder. The adder barely misses you.
Ijyb screams, "I cut your head off!" The adder bites you but does no damage.
You completely miss the adder. The adder bites you but does no damage.
Press: ? - help, Shift-Dir - straight line, f - adder
Aim: an adder You fail to use your ability.
The adder bites you. Ijyb hits you but does no damage.
You barely miss the adder. The adder bites you but does no damage.
Ijyb zaps a wand.
The bolt of acid hits you!
You are splashed with acid!
The acid burns!
* * * LOW HITPOINT WARNING * * *
It is a wand of acid (6).
The adder bites you.
* * * LOW HITPOINT WARNING * * *
Ijyb hits you.
* * * LOW HITPOINT WARNING * * *
You miss the adder. The adder bites you but does no damage.
Ijyb screams, "Me very upset!"
Ijyb zaps a wand.
The bolt of acid hits you!
You die...

.# ### .#...
##############.#.#.
.................#.#########
.###....g..........>.......#
#########...#.#.........##
#...# #...........
#########Sg.# #...........
#......##@..# ..##..>....
#......##...# #.......
#......'....# #.).....
#......#....# #.#####.
########....# #.# #.
#...........# #.######
#...####....# #.......
#...####....# ########
###.#.......#


You could see Ijyb and an adder.

Vanquished Creatures
  4 adders
  2 worms (D:2)
  4 dart slugs (D:1)
  A leopard gecko (D:1)
  An orc (D:3)
  2 bats
  2 giant cockroaches
  6 goblins
  10 hobgoblins
  4 jackals (D:3)
  2 ball pythons
  A frilled lizard (D:2)
  8 kobolds
  4 rats
51 creatures vanquished.

Notes
Turn   | Place    | Note
-------+----------+-------------------------------------------
     0 | D:1      | Gerstahl the Naga Gladiator began the quest for the Orb.
     0 | D:1      | Reached XP level 1. HP: 19/19 MP: 1/1
    42 | D:1      | Reached XP level 2. HP: 14/26 MP: 2/2
   335 | D:1      | Reached XP level 3. HP: 23/32 MP: 3/3
  1043 | D:2      | Reached XP level 4. HP: 18/40 MP: 4/4
  1705 | D:2      | Found an iron altar of Okawaru.
  1708 | D:2      | Became a worshipper of Warmaster Okawaru
  2028 | D:3      | Found a shattered altar of Ashenzari.
  2059 | D:3      | Found a bloodstained altar of Trog.
  2074 | D:3      | Reached skill level 1 in Shields
  2572 | D:3      | Noticed Ijyb
  2585 | D:3      | Killed from afar by Ijyb

Vault maps used:
D:1:      saegor_arrival_simple_a, minmay_misc_feat_pillars,
          kennysheep_decorative_pillar
D:2:      lemuel_doored_altar
D:3:      bloody_trog, lemuel_zombie_altar_kikubaaqudgha, ashenzari_altar_1,
          uniq_ijyb

Skill      XL: |  1  2  3  4 |
---------------+-------------+-----
Throwing       | 2 |  2.0
Shields        | 1 |  1.5
Fighting       | |  2.6
Long Blades    | |  3.9
Armour         | |  0.1
Dodging        | |  2.8

Action                   |  1- 3 |  4- 6 || total
-------------------------+-------+-------++-------
Melee: Long sword        |    67 |    61 ||   128
 Abil: Spit Poison       |     7 |     6 ||    13
  Eat: Chunk             |       |     5 ||     5
Armor: Leather armour    |    18 |    17 ||    35
Dodge: Dodged            |    34 |    34 ||    68
Block: Buckler           |       |     7 ||     7
       Rpst.: Long sword |    10 |    15 ||    25

Table legend:
 A = Spawn XP
 B = Non-spawn XP
 C = Spawn XP percentage of total XP
 D = Spawn monster count
 E = Non-spawn monster count
 F = Spawn count percentage of total count
 G = Total turns spent on level
                    A         B        C        D         E        F      G
               +---------+---------+-------+---------+---------+-------+---------
         Total |       0 |     152 |   0.0 |       0 |      51 |   0.0 |  2585
               +---------+---------+-------+---------+---------+-------+---------
           D:1 |       0 |      54 |   0.0 |       0 |      25 |   0.0 |   921
           D:2 |       0 |      58 |   0.0 |       0 |      17 |   0.0 |  1051
           D:3 |       0 |      40 |   0.0 |       0 |       9 |   0.0 |   613
               +---------+---------+-------+---------+---------+-------+---------
